[Event "*** SCC Grand Prix: Titled Tuesday Blitz"]
[Site "Chess.com"]
[Date "2020.07.07"]
[Round "3"]
[White "allvim"]
[Black "biaf13"]
[Result "1-0"]
[WhiteElo "2263"]
[BlackElo "1946"]
[TimeControl "180+1"]
[EndTime "10:26:42 PDT"]
[Termination "allvim won by resignation"]

1. b3 Nf6 2. Bb2 e6 3. Nf3 Be7 4. e3 d5 5. c4 O-O 6. Nc3 c5 7.
h4 Nc6 8. Qc2 b6 9. Ng5 h6 10.
a3 d4 11. Nce4 d3 12. Bxd3 hxg5 13. hxg5 Nh7 14. Nf6+ Nxf6 15. gxf6 Bxf6 16. Bh7+ Kh8 17. Bg8+ 1-0

[Event "*** SCC Grand Prix: Titled Tuesday Blitz"]
[Site "Chess.com"]
[Date "2020.07.07"]
[Round "3"]
[White "Boudicca64"]
[Black "DenLaz"]
[Result "0-1"]
[WhiteElo "1805"]
[BlackElo "2685"]
[TimeControl "180+1"]
[EndTime "10:26:44 PDT"]
[Termination "DenLaz won by checkmate"]

1. e4 e5 2. d4 Nc6 3. dxe5 Nxe5 4. f4 Ng6 5. Bc4 Nf6 6. e5 c6 7. exf6 Qxf6 8. Ne2 d5 9. Bd3 Bc5 10. c3 Nh4 11.
Kf1 O-O 12. Qc2 h6 13. Nd2 Bg4 14. Nb3 Bb6 15. h3 Bxe2+ 16. Bxe2 Nf5 17. g4 Ng3+ 18. Kg2 Nxh1 19. Kxh1 Rae8 20. Bf3 Qh4 21. Kg2 Re1 22. Nd4 Rfe8 23. b3 Rg1+ 24. Kxg1 Qg3+ 25. Bg2 Re1# 0-1

[Event "*** SCC Grand Prix: Titled Tuesday Blitz"]
[Site "Chess.com"]
[Date "2020.07.07"]
[Round "3"]
[White "amintabatabaei"]
[Black "Fluffey"]
[Result "1-0"]
[WhiteElo "2922"]
[BlackElo "2456"]
[TimeControl "180+1"]
[EndTime "10:26:46 PDT"]
[Termination "amintabatabaei won by resignation"]

1. c4 e5 2. g3 Nc6 3. Bg2 f5 4. Nc3 Nf6 5. e3 d6 6. Nge2 Be7 7. Rb1 O-O 8. b4 Qe8 9. b5 Nd8 10. O-O Ne6 11. a4 h5 12. a5 a6 13. d4 h4 14. Ba3 axb5 15. Nxb5 Qd8 16. dxe5 dxe5 17. Qxd8 Bxd8 18. Bxf8 Kxf8 19. a6 Rxa6 20. Ra1 Rb6 21. Ra8 Bd7 22. Nxc7 Nxc7 23. Rxd8+ Ke7 24. Rb8 e4 25. gxh4 Na6 26. Ra8 Rb4 27. Rc1 Be6 28.
c5 Bc4 29. Nd4 g6 30. c6 1-0

[Event "*** SCC Grand Prix: Titled Tuesday Blitz"]
[Site "Chess.com"]
[Date "2020.07.07"]
[Round "3"]
[White "SharapovEvgeny"]
[Black "ChessLover0108"]
[Result "1-0"]
[WhiteElo "2420"]
[BlackElo "2695"]
[TimeControl "180+1"]
[EndTime "10:26:48 PDT"]
[Termination "SharapovEvgeny won by resignation"]

1. e4 d5 2. exd5 Qxd5 3. Nc3 Qd8 4. d4 c6 5. Nf3 Bg4 6. Be3 Nf6 7. h3 Bxf3 8. Qxf3 e6 9. O-O-O Nbd7 10. Kb1 Bd6 11. g4 Qc7 12. g5 Nd5 13. Ne4 Be7 14. Bc1 b5 15. h4 a5 16. h5 Rf8 17. g6 fxg6 18.
Qg4 N7f6 19. Nxf6+ Rxf6 20. hxg6 Rxg6 21. Qe4 O-O-O 22.
Rxh7 Rf6 23. Rxg7 Rdf8 24. Bh3 Nf4 25. Bxf4 Rxf4 26. Qxe6+ Kd8 27. Rxe7 1-0

[Event "*** SCC Grand Prix: Titled Tuesday Blitz"]
[Site "Chess.com"]
[Date "2020.07.07"]
[Round "3"]
[White "dopolian"]
[Black "Nf3c5"]
[Result "0-1"]
[WhiteElo "2410"]
[BlackElo "2615"]
[TimeControl "180+1"]
[EndTime "10:26:50 PDT"]
[Termination "Nf3c5 won by resignation"]

1. Nf3 c5 2. c4 g6 3. Nc3 Bg7 4.
g3 Nc6 5. Bg2 d6 6. O-O Be6 7.
b3 Qc8 8. Re1 Bh3 9. Bh1 h5 10.
Bb2 h4 11. Rb1 hxg3 12. hxg3 Qf5 13. Nd5 Kf8 14. Bxg7+ Kxg7 15. d4 e5 16. dxc5 dxc5 17. Qd2 Bg4 18. Ne3 Rxh1+ 19. Kxh1 Bxf3+ 20. exf3 Qh3+ 21.
Kg1 Nd4 22. Qd1 Nf6 23. Ng2 Rh8 24. Nh4 Rxh4 25. gxh4 Nxf3+ 26. Qxf3 Qxf3 0-1

[Event "*** SCC Grand Prix: Titled Tuesday Blitz"]
[Site "Chess.com"]
[Date "2020.07.07"]
[Round "3"]
[White "bascheyaro"]
[Black "Firouzja2003"]
[Result "0-1"]
[WhiteElo "2694"]
[BlackElo "3111"]
[TimeControl "180+1"]
[EndTime "10:26:51 PDT"]
[Termination "Firouzja2003 won by resignation"]

1. d4 Nf6 2. c4 g6 3. Nf3 Bg7 4. Bf4 c5 5. e3 cxd4 6. Nxd4 e5 7. Bxe5 Qa5+ 8. Nc3 Qxe5 9. Ndb5 O-O 10. Qd6 Qxd6 11.
Nxd6 Nc6 12. O-O-O Ne8 13. Nxc8 Rxc8 14. Rxd7 Bxc3 15.
bxc3 Na5 16. Kc2 Nf6 17. Rd4 Rc7 18. Be2 Rfc8 19. Rb1 b6 20. Rf4 Kg7 21. Rb4 Nd7 22. h4 Ne5 23. h5 Nexc4 24. Bxc4 Nxc4 25. hxg6 hxg6 26. Rb3 Na5 27. Ra3 Rc4 28. Rf3 f5 29.
Rh3 Rd8 30. Rh1 Rc5 31. Ra4 Rc4 32. Rb4 Rxb4 33. cxb4 Nc4 34. Kc3 Ne5 35. Re1 Rd3+ 36.
Kc2 Ra3 37. Kb1 Ra4 38. Rd1 Rxb4+ 39. Kc2 Rc4+ 40. Kb3 Rc7 41. f3 Nd7 42. Rd2 Nc5+ 43. Kb4 Re7 44. a4 Rxe3 45. a5 Rd3 46. Re2 Kf6 47.
Kb5 Rb3+ 48. Kc4 Rb1 49. axb6 axb6 50. Re1 0-1

[Event "*** SCC Grand Prix: Titled Tuesday Blitz"]
[Site "Chess.com"]
[Date "2020.07.07"]
[Round "3"]
[White "A-Fier"]
[Black "NormWeinstein"]
[Result "1-0"]
[WhiteElo "2766"]
[BlackElo "2436"]
[TimeControl "180+1"]
[EndTime "10:26:51 PDT"]
[Termination "A-Fier won by resignation"]

1. e4 c5 2. Nf3 d6 3. d4 Nf6 4. Nc3 cxd4 5. Nxd4 Nc6 6. Bg5 e6 7. Qd2 Be7 8. O-O-O O-O 9. f4 d5 10. e5 Nd7 11. h4 Nb6 12. Nf3 Bd7 13. Bd3 Nb4 14.
Bxh7+ Kxh7 15. a3 f6 16. axb4 fxg5 17. hxg5+ Kg8 18. Qd3 Kf7 19. Nd4 Bxb4 20. Rh7 Bxc3 21.
Rdh1 Rg8 22. R1h6 Qf8 23. Rf6+ Ke7 24. Qxc3 Qc8 25. Qb4+ Ke8 26. Rxg7 1-0

[Event "*** SCC Grand Prix: Titled Tuesday Blitz"]
[Site "Chess.com"]
[Date "2020.07.07"]
[Round "3"]
[White "Ze-Pequeno"]
[Black "talman67"]
[Result "1-0"]
[WhiteElo "2245"]
[BlackElo "2482"]
[TimeControl "180+1"]
[EndTime "10:26:51 PDT"]
[Termination "Ze-Pequeno won by resignation"]

1. e4 e5 2. Nf3 Nc6 3. Bb5 a6 4.
Ba4 Nf6 5. O-O Nxe4 6. d4 b5 7.
Bb3 d5 8. dxe5 Be6 9. Nbd2 Nc5 10.
c3 d4 11. Ng5 Qxg5 12. Qf3 Qxe5 13. Qxc6+ Kd8 14. Qxa8+ Bc8 15. Nf3 Qh5 16. Qd5+ Qxd5 17.
Bxd5 dxc3 18. bxc3 f6 19. Bf4 Bd6 20. Bxd6 cxd6 21.
Rfd1 Kc7 22. Nd4 Re8 23. Re1 Re5 24. Rxe5 fxe5 25. Nb3 Na4 26. Rc1 Nb6 27. Bg8 h6 28. c4 bxc4 29. Bxc4 Kd7 30. f3 Bb7 31. Kf2 d5 32.
Bd3 Kd6 33. Na5 Ba8 34. Bxa6 d4 35. Bb7 Bxb7 36. Nxb7+ Kd5 37. Rc5+ 1-0

[Event "*** SCC Grand Prix: Titled Tuesday Blitz"]
[Site "Chess.com"]
[Date "2020.07.07"]
[Round "3"]
[White "Bhagya_2312"]
[Black "Ceejay271"]
[Result "0-1"]
[WhiteElo "2120"]
[BlackElo "2332"]
[TimeControl "180+1"]
[EndTime "10:26:51 PDT"]
[Termination "Ceejay271 won by resignation"]

1. e4 c5 2. Nf3 Nc6 3. d4 cxd4 4. Nxd4 g6 5. Be2 Bg7 6. Nb3 Nf6 7. Nc3 O-O 8. O-O b6 9. Re1 Bb7 10. Bf1 Rc8 11. e5 Ne8 12. f4 d6 13. exd6 Nxd6 14.
Nd5 Nf5 15. c4 e6 16. Nc3 Ncd4 17. Bd3 Qc7 18. Nxd4 Bxd4+ 19. Kh1 Bxc3 20. bxc3 Rfd8 21. Qe2 Qc6 22. Rd1 Nh4 23. Rg1 Nxg2 0-1

[Event "*** SCC Grand Prix: Titled Tuesday Blitz"]
[Site "Chess.com"]
[Date "2020.07.07"]
[Round "3"]
[White "anesar92"]
[Black "DariaVoit"]
[Result "1-0"]
[WhiteElo "2723"]
[BlackElo "2482"]
[TimeControl "180+1"]
[EndTime "10:26:55 PDT"]
[Termination "anesar92 won by resignation"]

1. e4 e6 2. d4 d5 3. Nc3 Bb4 4. exd5 exd5 5. Bd3 c5 6. dxc5 d4 7. a3 Ba5 8. b4 dxc3 9. bxa5 Nf6 10. Nf3 O-O 11. O-O Qxa5 12. Bf4 Na6 13. Bd6 Re8 14.
Rb1 Qxa3 15. c6 Nc5 16. Bxc5 Qxc5 17. cxb7 Bxb7 18. Rxb7 a5 19. Qb1 a4 20. Qa2 Re7 21. Rxe7 Qxe7 22. Re1 Qb4 23. Ng5 Ra7 24. Nxf7 1-0

[Event "*** SCC Grand Prix: Titled Tuesday Blitz"]
[Site "Chess.com"]
[Date "2020.07.07"]
[Round "3"]
[White "MisiekZielony"]
[Black "Nafania1"]
[Result "0-1"]
[WhiteElo "2188"]
[BlackElo "2451"]
[TimeControl "180+1"]
[EndTime "10:27:03 PDT"]
[Termination "Nafania1 won on time"]

1. c4 c5 2. Nc3 Nc6 3. g3 g6 4.
Bg2 Bg7 5. e4 d6 6. Nge2 e6 7. O-O Nge7 8. d3 O-O 9. f4 b6 10.
Be3 Nd4 11. Rb1 Bb7 12. b4 Qd7 13. h3 f5 14. Kh2 Rad8 15. Bg1 h6 16. Nxd4 cxd4 17.
Nb5 Nc6 18. exf5 gxf5 19. Qh5 a6 20. Na3 Ne7 21. Bxb7 Qxb7 22. g4 e5 23. fxe5 Bxe5+ 0-1

[Event "*** SCC Grand Prix: Titled Tuesday Blitz"]
[Site "Chess.com"]
[Date "2020.07.07"]
[Round "3"]
[White "malakismayil"]
[Black "turayev_shahruh17"]
[Result "0-1"]
[WhiteElo "2137"]
[BlackElo "2479"]
[TimeControl "180+1"]
[EndTime "10:27:04 PDT"]
[Termination "turayev_shahruh17 won by resignation"]

1. e4 e6 2. d4 d5 3. Nd2 Nf6 4. e5 Nfd7 5. Bd3 c5 6. c3 Nc6 7. Ne2 Qb6 8. Nf3 cxd4 9. cxd4 f6 10. exf6 Nxf6 11. O-O Bd6 12. b3 Bd7 13. Bg5 O-O 14. Rc1 Rae8 15. Bb1 e5 16. dxe5 Nxe5 17. Nfd4 Bg4 18.
f3 Bh5 19. Kh1 Bg6 20. Bxg6 Nxg6 21. Nc3 Be5 22. Nce2 Nh5 23. Qd2 Nhf4 24. Rfd1 h6 25. Bxf4 Nxf4 26. Ng3 Bxd4 27. Qxd4 Re1+ 28. Rxe1 Qxd4 0-1

[Event "*** SCC Grand Prix: Titled Tuesday Blitz"]
[Site "Chess.com"]
[Date "2020.07.07"]
[Round "3"]
[White "Durarbayli"]
[Black "FrenchMonster2002"]
[Result "1-0"]
[WhiteElo "2797"]
[BlackElo "2441"]
[TimeControl "180+1"]
[EndTime "10:27:06 PDT"]
[Termination "Durarbayli won by resignation"]

1. e4 g6 2. d4 Bg7 3. Nc3 a6 4. Be3 b5 5. h4 h6 6. f4 h5 7. g4 hxg4 8. Bg2 Bb7 9. Qxg4 Nf6 10. Qe2 b4 11. e5 Bxg2 12. Qxg2 bxc3 13. exf6 cxb2 14.
Rb1 Bxf6 15. Qxa8 Bxh4+ 16. Ke2 Nc6 17. Qxd8+ Kxd8 18. Nf3 Bf6 19. Rxh8+ Bxh8 20. Rxb2 Kc8 21. Ne5 Na5 22. Nxf7 Bf6 23. Ne5 c5 24. c3 d6 25. Nxg6 Nc4 26. Rc2 Nxe3 27. Kxe3 cxd4+ 28. cxd4+ Kd7 29. f5 1-0

[Event "*** SCC Grand Prix: Titled Tuesday Blitz"]
[Site "Chess.com"]
[Date "2020.07.07"]
[Round "3"]
[White "wadsy27"]
[Black "TheBigBoss04"]
[Result "0-1"]
[WhiteElo "2433"]
[BlackElo "2744"]
[TimeControl "180+1"]
[EndTime "10:27:06 PDT"]
[Termination "TheBigBoss04 won by resignation"]

1. c4 Nf6 2. g3 e5 3. Bg2 d5 4.
cxd5 Nxd5 5. Nc3 Nb6 6. Nf3 Nc6 7. O-O Be7 8. a3 O-O 9. b4 Be6 10. Rb1 f6 11. b5 Nd4 12. e3 Nxf3+ 13. Bxf3 Nd5 14.
Nxd5 Bxd5 15. Bxd5+ Qxd5 16. Qb3 Rfd8 17. Rd1 Qxb3 18.
Rxb3 Rd5 19. Bb2 Rad8 20. d4 Bc5 21. e4 R5d7 22. d5 f5 23. exf5 Rxd5 24. Rxd5 Rxd5 25. Rc3 Bd4 26. Rd3 Bxf2+ 27. Kxf2 Rxd3 28. Bxe5 Rxa3 29. Bxc7 Rb3 30. b6 a5 31. Kg2 0-1

[Event "*** SCC Grand Prix: Titled Tuesday Blitz"]
[Site "Chess.com"]
[Date "2020.07.07"]
[Round "3"]
[White "luizwas"]
[Black "EfM13"]
[Result "1-0"]
[WhiteElo "1819"]
[BlackElo "2198"]
[TimeControl "180+1"]
[EndTime "10:27:07 PDT"]
[Termination "luizwas won by resignation"]

1. e4 g6 2. d4 Bg7 3. Nf3 d6 4. Nc3 Nf6 5. Be3 O-O 6. Qd2 Nbd7 7. Bh6 e5 8. h4 exd4 9. Nxd4 Ne5 10. h5 Nxh5 11.
Bxg7 Kxg7 12. Be2 Bg4 13. f3 Rh8 14. fxg4 Ng3 15. Qh6+ Kg8 16. g5 Nxh1 17. Nd5 Nd7 18.
Bg4 c6 19. Bxd7 cxd5 20. Ne6 Qa5+ 21. c3 1-0

[Event "*** SCC Grand Prix: Titled Tuesday Blitz"]
[Site "Chess.com"]
[Date "2020.07.07"]
[Round "3"]
[White "carlesdc96"]
[Black "RodinMihail"]
[Result "1-0"]
[WhiteElo "2705"]
[BlackElo "2474"]
[TimeControl "180+1"]
[EndTime "10:27:10 PDT"]
[Termination "carlesdc96 won by resignation"]

1. e4 e5 2. Nf3 Nc6 3. Bb5 a6 4. Ba4 Bc5 5. c3 Nge7 6. O-O Ba7 7. d4 exd4 8. cxd4 d5 9. exd5 Nxd5 10. Re1+ Be6 11. Bxc6+ bxc6 12. h3 O-O 13. Bg5 Qd6 14. Nbd2 Rfe8 15. Bh4 Qb4 16. Nb3 Rab8 17. Bg3 a5 18.
Re2 a4 19. Nc1 Bf5 20. Ne5 Qxd4 21. Qxd4 Bxd4 22. Nxc6 Rxe2 23. Nxe2 Bxb2 24. Rd1 Rb5 25. Rxd5 Rxd5 26. Ne7+ Kf8 27. Nxd5 Be6 28. Ndc3 a3 29.
Bxc7 Bc4 30. f3 Ke7 31. Kf2 f6 32. Ke3 Kd7 33. Ba5 Kc6 34. Bb4 g6 35. Nd4+ Kd7 36.
Nc2 Bc1+ 37. Kf2 1-0

[Event "*** SCC Grand Prix: Titled Tuesday Blitz"]
[Site "Chess.com"]
[Date "2020.07.07"]
[Round "3"]
[White "AccioChess"]
[Black "AnishOnYoutube"]
[Result "0-1"]
[WhiteElo "2486"]
[BlackElo "2736"]
[TimeControl "180+1"]
[EndTime "10:27:15 PDT"]
[Termination "AnishOnYoutube won by resignation"]

1. e4 c5 2. Nf3 e6 3. d4 cxd4 4.
Nxd4 a6 5. Nc3 Qc7 6. Bd3 Nf6 7. O-O d6 8. Be3 Nbd7 9. f4 Be7 10. Qe2 b5 11. a3 Bb7 12. Nb3 h5 13. h3 h4 14. Bd4 e5 15. fxe5 dxe5 16. Be3 Nc5 17. Nxc5 Bxc5 18. Kh2 Bxe3 19. Qxe3 Kf8 20. Rf5 Re8 21.
Raf1 Rh6 22. Nd5 Bxd5 23. exd5 e4+ 24. Kh1 exd3 25. Qxd3 Qd6 26. Qd4 Kg8 27. b3 Ne4 0-1

[Event "*** SCC Grand Prix: Titled Tuesday Blitz"]
[Site "Chess.com"]
[Date "2020.07.07"]
[Round "3"]
[White "iaraldinho"]
[Black "Kotofeyca"]
[Result "1-0"]
[WhiteElo "2542"]
[BlackElo "2351"]
[TimeControl "180+1"]
[EndTime "10:27:17 PDT"]
[Termination "iaraldinho won by checkmate"]

1. e4 c5 2. Nf3 d6 3. d4 cxd4 4. Nxd4 Nf6 5. Nc3 a6 6. Bg5 e6 7. f4 Qb6 8. Nb3 Nbd7 9. Qf3 Be7 10. O-O-O Qc7 11. Bd3 b5 12. Rhe1 Bb7 13. Nd4 O-O 14. a3 Nc5 15. Kb1 Rfd8 16. Qh3 Rac8 17. e5 Nxd3 18.
exf6 gxf6 19. Rxd3 fxg5 20. Nxe6 fxe6 21. Qxe6+ Kf8 22.
fxg5 Bxg5 23. Rf1+ Kg7 24. Rg3 h6 25. Qf6+ Kh7 26.
Qf7+ Qxf7 27. Rxf7+ Kg6 28. Rxb7 Kh5 29. Nd5 Rf8 30. c3 Rf1+ 31. Ka2 Re8 32. Rg7 Re2 33. Nf4+ Bxf4 34. Rh3# 1-0

[Event "*** SCC Grand Prix: Titled Tuesday Blitz"]
[Site "Chess.com"]
[Date "2020.07.07"]
[Round "3"]
[White "annamaja"]
[Black "mikheeva86"]
[Result "1-0"]
[WhiteElo "2249"]
[BlackElo "1910"]
[TimeControl "180+1"]
[EndTime "10:27:17 PDT"]
[Termination "annamaja won by resignation"]

1. e4 e5 2. Nf3 Nc6 3. Bb5 Nd4 4. Nxd4 exd4 5. d3 Bc5 6. Qh5 Qe7 7. Bg5 Qd6 8. Bc4 g6 9. Qf3 f5 10. exf5 Qe5+ 11. Kd1 Qxf5 12. Re1+ Ne7 13. Qg3 Kd8 14. Re5 Bd6 15. Bxe7+ Bxe7 16. Rxf5 gxf5 17. Nd2 d6 18.
Nf3 Bf6 19. Qf4 Re8 20. Nxd4 Bxd4 21. Qxd4 f4 22. Qf6+ Kd7 1-0

[Event "*** SCC Grand Prix: Titled Tuesday Blitz"]
[Site "Chess.com"]
[Date "2020.07.07"]
[Round "3"]
[White "mjray79"]
[Black "Ariadna_Atreides"]
[Result "1-0"]
[WhiteElo "2308"]
[BlackElo "2069"]
[TimeControl "180+1"]
[EndTime "10:27:18 PDT"]
[Termination "mjray79 won by resignation"]

1. d4 e6 2. c4 Bb4+ 3. Bd2 Qe7 4.
Nf3 Nf6 5. g3 b6 6. Bg2 Bb7 7.
O-O Bxd2 8. Qxd2 O-O 9. Nc3 Ne4 10. Nxe4 Bxe4 11. Rac1 f5 12. Rfd1 d6 13. b4 Nd7 14.
c5 d5 15. cxb6 cxb6 16. Rc7 Rfc8 17. Rdc1 Qd8 18. Qf4 Bxf3 19. Bxf3 Nf6 20. Qe5 Qe8 21. b5 Rxc7 22. Rxc7 a6 23. Rc6 axb5 24. Rxb6 Nd7 25. Qxe6+ Qxe6 26. Rxe6 Nf6 27. Rxf6 Rxa2 28. Bxd5+ 1-0

[Event "*** SCC Grand Prix: Titled Tuesday Blitz"]
[Site "Chess.com"]
[Date "2020.07.07"]
[Round "3"]
[White "bgfbfbgfbgfgf"]
[Black "GigaQuparadze"]
[Result "0-1"]
[WhiteElo "2635"]
[BlackElo "2881"]
[TimeControl "180+1"]
[EndTime "10:27:20 PDT"]
[Termination "GigaQuparadze won by resignation"]

1. e4 c5 2. Nc3 Nc6 3. Nge2 e6 4.
g3 a6 5. Bg2 Nf6 6. O-O d6 7.
d4 cxd4 8. Nxd4 Bd7 9. Re1 Rc8 10. h3 Be7 11. g4 h6 12. Nde2 Ne5 13. Ng3 g5 14. a4 Qc7 15. Rb1 b5 16. axb5 axb5 17.
Be3 b4 18. Na2 Rb8 19. Nc1 Nc4 20. Bd4 e5 21. Be3 Nxe3 22. Rxe3 h5 23. gxh5 g4 24. hxg4 Nxg4 25. Re1 Rc8 26. Nd3 Qb6 27. Qd2 Rc4 28. b3 Rd4 29. Ne2 Rxd3 0-1

[Event "*** SCC Grand Prix: Titled Tuesday Blitz"]
[Site "Chess.com"]
[Date "2020.07.07"]
[Round "3"]
[White "Lenyas66"]
[Black "politeplayer"]
[Result "1-0"]
[WhiteElo "2498"]
[BlackElo "2231"]
[TimeControl "180+1"]
[EndTime "10:27:22 PDT"]
[Termination "Lenyas66 won by checkmate"]

1. e4 e6 2. d4 d5 3. Nd2 dxe4 4.
Nxe4 Nd7 5. Nf3 Ngf6 6. Nxf6+ Nxf6 7. Bd3 c5 8. O-O cxd4 9. Nxd4 Bc5 10. Nb3 Bb6 11. Qf3 Qd5 12. Qg3 Bd7 13. c4 Qc6 14. Bg5 h6 15. Bxf6 gxf6 16. c5 Bc7 17. Qh4 O-O-O 18. Be4 Qa4 19. Rac1 f5 20. Bxb7+ Kb8 21. Rc4 Qxa2 22. Rb4 a5 23. Bc6+ axb4 24. Qxb4+ Kc8 25. Qb7# 1-0

[Event "*** SCC Grand Prix: Titled Tuesday Blitz"]
[Site "Chess.com"]
[Date "2020.07.07"]
[Round "3"]
[White "mirochka"]
[Black "Ave_Mariia"]
[Result "0-1"]
[WhiteElo "2119"]
[BlackElo "2334"]
[TimeControl "180+1"]
[EndTime "10:27:23 PDT"]
[Termination "Ave_Mariia won on time"]

1. e4 c5 2. b4 cxb4 3. a3 e5 4. Nf3 Nc6 5. Bc4 Nf6 6. Ng5 d5 7.
exd5 b5 8. dxc6 bxc4 9. axb4 Bxb4 10. O-O O-O 11. Qe2 Qd5 12. Na3 h6 13. Nf3 e4 14.
Ne1 Be6 15. c3 Bd6 16. Nec2 Bxh2+ 17. Kxh2 Ng4+ 18. Kg3 Qg5 19. d4 Ne3+ 0-1

[Event "*** SCC Grand Prix: Titled Tuesday Blitz"]
[Site "Chess.com"]
[Date "2020.07.07"]
[Round "3"]
[White "StephenDedalus83"]
[Black "yamalchess"]
[Result "1-0"]
[WhiteElo "2806"]
[BlackElo "2446"]
[TimeControl "180+1"]
[EndTime "10:27:24 PDT"]
[Termination "StephenDedalus83 won by resignation"]

1. e4 e5 2. Nf3 Nc6 3. Bb5 a6 4.
Ba4 Nf6 5. O-O b5 6. Bb3 Bb7 7. d3 Bd6 8. a4 h6 9. Nc3 Na5 10.
axb5 Nxb3 11. cxb3 O-O 12. Re1 axb5 13. Rxa8 Bxa8 14.
Nxb5 Bc5 15. Nxe5 d5 16. Nc3 dxe4 17. dxe4 Nxe4 18. Nxe4 Qxd1 19. Rxd1 Bxe4 20. Nd7 Bc2 21. Rf1 Bd6 22. Nxf8 Kxf8 23. b4 Bxb4 24. Bf4 c6 25.
Rc1 Ba4 26. Rc4 c5 27. Bd6+ Ke8 28. Bxc5 1-0

[Event "*** SCC Grand Prix: Titled Tuesday Blitz"]
[Site "Chess.com"]
[Date "2020.07.07"]
[Round "3"]
[White "JesseKraai"]
[Black "Zmof"]
[Result "1-0"]
[WhiteElo "2489"]
[BlackElo "2220"]
[TimeControl "180+1"]
[EndTime "10:27:25 PDT"]
[Termination "JesseKraai won by resignation"]

1. d4 Nf6 2. c4 e6 3. Nc3 Bb4 4. e3 O-O 5. Bd3 d5 6. Ne2 c5 7. cxd5 exd5 8. O-O Nc6 9. a3 Bxc3 10. bxc3 b6 11.
Ng3 Be6 12. f4 c4 13. Bc2 Re8 14. f5 Bd7 15. Qf3 Qe7 16. Bd2 Ne4 17. Bxe4 dxe4 18. Qf4 f6 19. Nh5 Na5 20. Be1 Bc6 21. Bh4 Nb7 22.
g4 Nd6 23. g5 fxg5 24. Bxg5 Qf8 25. f6 g6 26. Bh6 Qf7 27. Qxd6 gxh5 28. Qxc6 Rac8 29.
Qb5 Kh8 30. Qg5 1-0

[Event "*** SCC Grand Prix: Titled Tuesday Blitz"]
[Site "Chess.com"]
[Date "2020.07.07"]
[Round "3"]
[White "BakaPG"]
[Black "Infernal_XaM"]
[Result "0-1"]
[WhiteElo "2665"]
[BlackElo "2941"]
[TimeControl "180+1"]
[EndTime "10:27:26 PDT"]
[Termination "Infernal_XaM won by resignation"]

1. e4 e5 2. Nf3 Nc6 3. Bb5 a6 4. Ba4 Nge7 5. O-O g6 6. c3 Bg7 7. d4 b5 8. Bb3 exd4 9. cxd4 O-O 10.
Nc3 d6 11. h3 h6 12. a4 b4 13. Ne2 Na5 14. Bc2 c5 15. Rb1 Rb8 16. b3 c4 17.
bxc4 Nxc4 18. d5 a5 19. Ned4 Ba6 20. Re1 Rc8 21. Bd3 Qb6 22. Nb5 Bxb5 23. axb5 g5 24. h4 g4 25. Nd2 g3 26. Rf1 Ne5 27. Be2 f5 28. exf5 Nxf5 29. Nf3 gxf2+ 30. Kh2 Ng4+ 31. Kh3 Nge3 32. Bxe3 Nxe3 33. Qd2 Nxf1 34. Rxf1 Rc3 35. Kh2 Qe3 36. Qd1 b3 37. b6 b2 0-1

[Event "*** SCC Grand Prix: Titled Tuesday Blitz"]
[Site "Chess.com"]
[Date "2020.07.07"]
[Round "3"]
[White "Shubinkirill2003"]
[Black "jerry_77"]
[Result "1-0"]
[WhiteElo "2616"]
[BlackElo "2411"]
[TimeControl "180+1"]
[EndTime "10:27:28 PDT"]
[Termination "Shubinkirill2003 won by resignation"]

1. e4 c6 2. d4 d5 3. exd5 cxd5 4. Bd3 Nc6 5. c3 Nf6 6. Bf4 Qb6 7. Qb3 Qxb3 8. axb3 e6 9. b4 Kd7 10. b5 Ne7 11.
Nf3 Ng6 12. Bg3 Bd6 13. Nbd2 b6 14. O-O Bxg3 15. hxg3 Bb7 16. Ra2 Rhe8 17. Rfa1 e5 18. Bxg6 hxg6 19. Nxe5+ Kc7 20. Rxa7 Rad8 21. Ndf3 Ne4 22.
Nxf7 Rd7 23. N7e5 Rde7 24. Nc6 Re6 25. Nb4 g5 26. Ne5 Rh8 27. Nxd5+ Kb8 28. Nd7+ Kc8 29. N7xb6+ Kb8 30. Ra8+ Bxa8 31. Rxa8+ Kb7 32. Rxh8 Nd2 33. f3 1-0

[Event "*** SCC Grand Prix: Titled Tuesday Blitz"]
[Site "Chess.com"]
[Date "2020.07.07"]
[Round "3"]
[White "hanzo_hasashi1"]
[Black "Rodalquilar"]
[Result "1-0"]
[WhiteElo "2839"]
[BlackElo "2626"]
[TimeControl "180+1"]
[EndTime "10:27:29 PDT"]
[Termination "hanzo_hasashi1 won on time"]

1. d4 d5 2. c4 e6 3. Nc3 a6 4. cxd5 exd5 5. Bf4 Nf6 6. e3 Bd6 7. Bxd6 Qxd6 8. Bd3 Bg4 9. Qb3 Nc6 10. h3 Bh5 11. g4 Bg6 12. O-O-O O-O-O 13. Bxg6 hxg6 14. Nge2 g5 15. Ng3 g6 16. Kb1 Rh7 17. e4 dxe4 18. Ncxe4 Nxe4 19. Nxe4 Qf4 20. Rhe1 Nxd4 21. Rxd4 Rxd4 22.
Nc5 b6 23. Re8+ Rd8 24. Qd5 1-0

[Event "*** SCC Grand Prix: Titled Tuesday Blitz"]
[Site "Chess.com"]
[Date "2020.07.07"]
[Round "3"]
[White "Lagmantr"]
[Black "Izoria123"]
[Result "0-1"]
[WhiteElo "2652"]
[BlackElo "2908"]
[TimeControl "180+1"]
[EndTime "10:27:31 PDT"]
[Termination "Izoria123 won by resignation"]

1. d4 d6 2. e4 g6 3. g3 Bg7 4. Bg2 c5 5. Ne2 cxd4 6. Nxd4 Nc6 7. Nxc6 bxc6 8. O-O Qc7 9. f4 Nf6 10. Nc3 O-O 11. Kh1 Rb8 12. Qf3 d5 13. e5 Nd7 14. b3 f6 15. exf6 Nxf6 16. Bb2 Bf5 17. Qe2 e5 18. fxe5 Ng4 19. Rae1 Rbe8 20. Rxf5 gxf5 21.
e6 Qa5 22. Na4 Bxb2 23. Nxb2 Rf6 24. e7 Rf7 25. Qe6 Rxe7 26. Qc8+ Kg7 27. Rf1 Ne3 28. Rf3 Qe1+ 0-1

[Event "*** SCC Grand Prix: Titled Tuesday Blitz"]
[Site "Chess.com"]
[Date "2020.07.07"]
[Round "3"]
[White "AliKa2810"]
[Black "goofypenguin96"]
[Result "1-0"]
[WhiteElo "2585"]
[BlackElo "2389"]
[TimeControl "180+1"]
[EndTime "10:27:31 PDT"]
[Termination "AliKa2810 won by resignation"]

1. d4 d5 2. c4 c6 3. cxd5 cxd5 4.
Bg5 Nf6 5. Bxf6 exf6 6. Nc3 Nc6 7. e3 Be6 8. g3 Bb4 9. Ne2 O-O 10. Bg2 Rc8 11.
O-O Re8 12. Rc1 Bxc3 13. Rxc3 Qd7 14. Nf4 Ne7 15. Rxc8 Rxc8 16. Qb3 Rd8 17. Rc1 Ng6 18. Nd3 b6 19. Qc3 h5 20. h4 Ne7 21. Qc7 Rc8 22. Qxd7 Bxd7 23. Rxc8+ Bxc8 24. Nf4 g6 25. Nxd5 Nxd5 26.
Bxd5 Kf8 27. Kf1 Be6 28. Bxe6 fxe6 29. Ke2 b5 30. e4 g5 31. Kd3 gxh4 32. gxh4 Ke7 33.
Kc3 a5 34. a4 bxa4 35. Kc4 Kd6 36. Kb5 a3 37. bxa3 f5 38. f3 1-0

[Event "*** SCC Grand Prix: Titled Tuesday Blitz"]
[Site "Chess.com"]
[Date "2020.07.07"]
[Round "3"]
[White "fabianvivasz"]
[Black "Zq1"]
[Result "0-1"]
[WhiteElo "2271"]
[BlackElo "2509"]
[TimeControl "180+1"]
[EndTime "10:27:32 PDT"]
[Termination "Zq1 won on time"]

1. e4 c5 2. Nf3 d6 3. d4 cxd4 4.
Nxd4 Nf6 5. Nc3 Nc6 6. Bg5 e6 7. Qd2 Be7 8. O-O-O Nxd4 9. Qxd4 a6 10. f4 b5 11. e5 dxe5 12. Qxd8+ Bxd8 13. fxe5 Nd7 14. Bxd8 Kxd8 15. Be2 Ke7 16. Bf3 Ra7 17. Rhe1 Rc7 18. Rd4 Rc5 19. Rde4 Bb7 20. R4e3 Bxf3 21. gxf3 Rhc8 22.
a3 a5 23. Re4 Nb6 24. R1e2 Nc4 25. f4 Nxa3 26. bxa3 Rxc3 27. Kb2 Rf3 28. a4 b4 29. Rd2 h6 30. Red4 Rc7 31. Rg2 g6 32. h4 Rh3 0-1